AoeStats
← El Professor

Arena

510353230Analyzed
1v1 RM · 20h ago on Sep 30, 2026· 41m 20s· 2 players
Game mode
Random Map
Map size
Tiny (2 player)
Population
200
Speed
Normal
Resources
Standard
Victory
Conquest
Starting age
Dark Age
Ending age
Imperial Age
RankedLock teamsTeams togetherTeam positionsShared explorationLock speedFull tech treeHidden civsTurbo modeCheats
Victory
Defeat
🇨🇳 Burgundians · China
988
+15
🇪🇸 Poles · Spain
960
-15
El Professor
8:17 Loom
11:06 Feudal Age
12:00 Loom
16:01 Castle Age
14:01 Double-Bit Axe
15:40 Stone Mining
15:53 Horse Collar
16:13 Fletching
17:31 Heavy Plow
21:18 Squires
22:50 Bow Saw
22:47 Arson
24:05 Forging
25:05 Scale Mail Armor
25:33 Husbandry
26:36 Wheelbarrow
27:10 Husbandry
28:18 Stone Shaft Mining
29:16 Scale Barding Armor
33:16 Imperial Age
34:03 Hand Cart
33:34 Town Watch
33:53 Gold Mining
34:57 Crop Rotation
34:52 Conscription
34:55 Bodkin Arrow
35:16 Chain Mail Armor
35:40 Iron Casting
36:06 Masonry
37:56 Chain Barding Armor
38:09 Plate Mail Armor
39:47 Blast Furnace
39:54 Ballistics
39:47 Fortified Wall
40:50 Hoardings
F22KillSu57
5:43 Double-Bit Axe
6:25 Horse Collar
10:01 Gold Mining
12:04 Feudal Age
15:47 Castle Age
14:19 Bow Saw
15:51 Heavy Plow
16:03 Scale Mail Armor
17:46 Wheelbarrow
21:06 Hand Cart
24:23 Loom
24:24 Town Watch
25:33 Stone Mining
26:41 Herbal Medicine
29:41 Imperial Age
27:45 Forging
28:13 Gold Shaft Mining
28:13 Stone Shaft Mining
27:54 Guilds
28:16 Husbandry
28:03 Treadmill Crane
29:32 Fortified Wall
31:25 Chemistry
29:50 Man-at-Arms
30:31 Squires
32:07 Iron Casting
31:49 Chain Mail Armor
32:03 Fletching
32:13 Padded Archer Armor
31:34 Long Swordsman
32:00 Arson
32:27 Burgundian Vineyards
32:43 Conscription
33:00 Murder Holes
33:25 Ballistics
32:26 Two-Handed Swordsman
34:50 Two-Man Saw
34:22 Crop Rotation
33:27 Champion
33:30 Elite Coustillier
35:25 Blast Furnace
34:31 Scale Barding Armor
34:21 Bodkin Arrow
34:39 Devotion
36:11 Chain Barding Armor
36:22 Plate Mail Armor
36:07 Masonry
38:41 Bracer
39:17 Plate Barding Armor
39:13 Architecture
39:05 Faith
40:00 Guard Tower
40:30 Bombard Tower
40:17 Town Patrol
40:33 Leather Archer Armor
40:12 Pikeman
Connection lost

Rejoining the realm…

Still unreachable

The connection could not be restored.

Session expired

The server has moved on; the page needs a fresh start.